 Dungeon Crawl Stone Soup version 0.26-a0-835-g8259106e14 (webtiles) character file.

Game seed: 1664324232993330017

1327 strifetoe the Cleaver (level 8, -1/46 HPs)
             Began as a Gargoyle Fighter on Nov 18, 2020.
             Was a Follower of Okawaru.
             Shot with an arrow by a centaur (5 damage)
             ... on level 5 of the Dungeon.
             The game lasted 00:03:49 (4828 turns).

strifetoe the Cleaver (Gargoyle Fighter)            Turns: 4828, Time: 00:03:50

Health: -1/46      AC: 13    Str: 22    XL:     8   Next: 60%
Magic:  8/8        EV:  7    Int:  9    God:    Okawaru [*.....]
Gold:   249        SH:  9    Dex:  9    Spells: 7/7 levels left

rFire    . . .     SeeInvis .   a - +0 war axe
rCold    . . .     Faith    .   c - +0 kite shield
rNeg     + . .     Spirit   .   b - +0 scale mail
rPois    ∞         Reflect  .   (no helmet)
rElec    +         Harm     .   o - +0 cloak
rCorr    .         Rampage  .   (no gloves)
MR       .....                  (no boots)
Stlth    ..........             (no amulet)
HPRegen  0.15/turn              (no ring)
MPRegen  0.11/turn              (no ring)

@: attractive
A: negative energy resistance 1, electricity resistance, unbreathing,
petrification resistance, rot immunity, AC +5
a: Heroism, Renounce Religion


You were on level 5 of the Dungeon.
You worshipped Okawaru.
Okawaru was aware of your devotion.
You visited 1 branch of the dungeon, and saw 5 of its levels.

You collected 249 gold pieces.

Inventory:

Hand Weapons
 a - a +0 war axe (weapon)
Armour
 b - a +0 scale mail (worn)
 c - a +0 kite shield (worn)
 o - a +0 cloak (worn)
Jewellery
 p - an uncursed ring of protection from magic {unknown}
Scrolls
 e - a scroll of blinking {unknown}
 f - a scroll of magic mapping {unknown}
 h - 4 scrolls of teleportation {unknown}
 i - 2 scrolls of immolation {unknown}
 j - 7 scrolls of identify {unknown}
 k - 3 scrolls of random uselessness {unknown}
 m - a scroll of fog {unknown}
 n - a scroll of amnesia {unknown}
 s - a scroll of noise {unknown}
 u - a scroll of remove curse {unknown}
Potions
 d - 2 potions of attraction
 g - a potion of brilliance {unknown}
 l - 3 potions of ambrosia {unknown}
 q - a potion of haste {unknown}
 r - 2 potions of mutation {unknown}
 t - a potion of curing {unknown}
 v - a potion of invisibility {unknown}


   Skills:
 - Level 3.2 Fighting
 + Level 9.5 Axes
 - Level 3.2 Armour
 - Level 3.2 Shields


You had 7 spell levels left.
You didn't know any spells.
Your spell library contained the following spells:

 Spells                   Type           Power        Failure   Level
 Animate Skeleton         Necr           #.....       99%         1
 Apportation              Tloc           #.....       99%         1
 Corona                   Hex            #......      99%         1
 Summon Small Mammal      Summ           #...         99%         1


Dungeon Overview and Level Annotations

Branches:
Dungeon (5/15)
 Temple: D:4-7

Altars:
Cheibriados
Hepliaklqana
Nemelex Xobeh
Okawaru
Uskayaw


Innate Abilities, Weirdness & Mutations

You are resistant to torment.
Your stone body is resilient. (AC +5)
You are immune to poison.
You resist negative energy. (rN+)
You are resistant to electric shocks. (rElec)
You can survive without breathing.
You are immune to petrification.
You are immune to rotting.


Message History

You closely miss the orc wizard.
The orc wizard hits you but does no damage.
Unknown command.
You hit the orc wizard.
The orc wizard is lightly wounded.
You block the orc wizard's attack.
The orc wizard hits you with a +0 dagger.
* * * LOW HITPOINT WARNING * * *
A centaur comes into view.
Unknown command.
It was a potion of attraction.
You feel attractive to monsters. The centaur is pulled toward you!
The centaur shouts!
The orc wizard casts a spell at you. The magic dart hits you.
* * * LOW HITPOINT WARNING * * *
The centaur wields a +0 shortbow.
The centaur shoots an arrow.
The arrow hits you.
You die...

#..## .. ....
..###.#. ........
.......
##...)#########
###....#..).....#
.....Wo..)......#
..###..@..<.....#
#......#...c....#
............)...##.#
....................
##.........$....##..
#.....#........# .
................#
........#.#..#....
.......#...##....


You could see a phantom, a centaur and an orc wizard (fast).

Vanquished Creatures
  Sigmund (D:2)
  Duvessa (D:4)
  An ice beast (D:5)
  A phantom (D:4)
  2 ogres
  Blork the orc (D:5)
  Dowan (D:4)
  2 scorpions (D:4)
  A howler monkey (D:5)
  A jelly (D:5)
  A hound (D:5)
  Crazy Yiuf (D:2)
  A centaur skeleton (D:4)
  Terence (D:2)
  3 orc wizards (D:5)
  10 adders
  4 oozes
  An adder zombie (D:5)
  5 worms
  4 dart slugs
  3 leopard geckos
  9 orcs
  10 bats
  4 giant cockroaches
  11 goblins
  9 hobgoblins
  5 jackals (D:1)
  10 kobolds
  2 quokkas
  A ball python (D:3)
  6 frilled lizards
  A jackal skeleton (D:4)
  A quokka skeleton (D:4)
  9 rats
124 creatures vanquished.

Vanquished Creatures (others)
  A plant (D:3)
1 creature vanquished.

Grand Total: 125 creatures vanquished

Notes
Turn   | Place    | Note
-------+----------+-------------------------------------------
     0 | D:1      | strifetoe the Gargoyle Fighter began the quest for the Orb.
     0 | D:1      | Reached XP level 1. HP: 14/14 MP: 1/1
    20 | D:1      | Reached skill level 2 in Axes
    61 | D:1      | Reached XP level 2. HP: 14/19 MP: 2/2
   205 | D:1      | Reached skill level 3 in Axes
   267 | D:1      | Reached XP level 3. HP: 23/23 MP: 3/3
   903 | D:2      | Found a sparkling altar of Nemelex Xobeh.
   938 | D:2      | Reached XP level 4. HP: 18/28 MP: 4/4
  1066 | D:2      | Reached skill level 4 in Axes
  1247 | D:2      | Found an iron altar of Okawaru.
  1257 | D:2      | Became a worshipper of Warmaster Okawaru
  1486 | D:2      | Noticed Sigmund
  1496 | D:2      | Reached XP level 5. HP: 21/32 MP: 5/5
  1498 | D:2      | Killed Sigmund
  1499 | D:2      | Reached skill level 5 in Axes
  1499 | D:2      | Reached XP level 6. HP: 25/37 MP: 6/6
  1683 | D:2      | Noticed Terence
  1696 | D:2      | Killed Terence
  1697 | D:2      | Reached skill level 6 in Axes
  1710 | D:2      | Found a runed translucent door.
  1711 | D:2      | Noticed Crazy Yiuf
  1907 | D:2      | Killed Crazy Yiuf
  2517 | D:3      | Found a faded altar of an unknown god.
  2625 | D:4      | Noticed Duvessa
  2625 | D:4      | Noticed Dowan
  2625 | D:4      | Noticed a phantom
  2634 | D:4      | Killed Duvessa
  2635 | D:4      | Reached XP level 7. HP: 39/41 MP: 7/7
  2636 | D:4      | Reached * piety under Okawaru
  2637 | D:4      | Reached skill level 7 in Axes
  2644 | D:4      | Killed Dowan
  2806 | D:4      | Found a hide-covered altar of Uskayaw.
  2806 | D:4      | Found a snail-covered altar of Cheibriados.
  2823 | D:4      | Reached skill level 8 in Axes
  2853 | D:4      | Reached XP level 8. HP: 41/46 MP: 8/8
  2988 | D:4      | Found a hazy altar of Hepliaklqana.
  3154 | D:4      | HP: 2/46 [orc/+0 mace of distortion (12)]
  4051 | D:5      | Entered Level 5 of the Dungeon
  4051 | D:5      | Noticed Blork the orc
  4061 | D:5      | Killed Blork the orc
  4139 | D:5      | Reached skill level 9 in Axes
  4828 | D:5      | Shot with an arrow by a centaur

Illustrated notes

Levels and vault maps discovered:
D:1:      dpeg_arrival_refuge, layout_loops_ring, minmay_misc_feat_diagonals,
          st_stairs_2, hangedman_decor_push, minmay_tetromino_t2
D:2:      layout_basic, nicolae_overflow_crystal_walls,
          nemelex_xobeh_ov_fountains_minmay, minmay_3d_cube, uniq_terence,
          uniq_crazy_yiuf_cottage, uniq_sigmund
D:3:      layout_loops_ring, chequers_ecumenical_altar_lobes
D:4:      layout_basic, kennysheep_mini, grunt_temple_overflow_open,
          uniq_duvessa
D:5:      layout_rooms, basic_altar, serial_glass, glass_columns_c,
          glass_columns_a, minmay_a_box_with_orc_wizards_in_it,
          uniq_blork_the_orc

Skill      XL: |  1  2  3  4  5  6  7  8 |
---------------+-------------------------+-----
Axes           | 2 3 4 5 6 8 9 |  9.5
Fighting       | |  3.2
Armour         | |  3.2
Shields        | |  3.2

Action                   |  1- 3 |  4- 6 |  7- 9 || total
-------------------------+-------+-------+-------++-------
Melee: War axe           |    94 |   163 |   141 ||   398
Invok: Heroism           |       |       |     2 ||     2
  Use: Potion            |       |     1 |     1 ||     2
Armor: Scale mail        |    74 |    87 |    77 ||   238
Dodge: Dodged            |    58 |    59 |    30 ||   147
Block: Kite shield       |    69 |    82 |    57 ||   208

Table legend: (Time is in decaauts)
 A = Elapsed time spent in this place.
 B = Non-inter-level travel time spent in this place.
 C = Inter-level travel time spent in this place.
 D = Time resting spent in this place.
 E = Time spent auto-exploring this place.
 F = Levels seen in this place.
 G = Mean time per level.
                   A        B        C        D        E       F      G
               +--------+--------+--------+--------+--------+-----+--------+
         Total |   4951 |   4874 |     77 |   1279 |   2778 |   5 |  990.2 |
       Dungeon |   4951 |   4874 |     77 |   1279 |   2778 |   5 |  990.2 |
               +--------+--------+--------+--------+--------+-----+--------+

Top non-repeatable levels by time:
     D:4: 2101 daAuts
     D:2: 1105 daAuts
     D:1: 934 daAuts
     D:3: 658 daAuts
     D:5: 151 daAuts
